 Dungeon Crawl Stone Soup version 0.18-a0-1435-gee79d65 (webtiles) character file.

207 gorblad the Shield-Bearer (level 5, -2/41 HPs)
             Began as a Mummy Fighter on Feb 28, 2016.
             Slain by an ogre
             ... wielding a +0 giant spiked club
              (4 damage)
             ... on level 4 of the Dungeon.
             The game lasted 00:05:55 (2677 turns).

gorblad the Shield-Bearer (Mummy Fighter)           Turns: 2677, Time: 00:05:55

Health: -2/41      AC: 11    Str: 20    XL:     5   Next: 54%
Magic:  5/5        EV:  3    Int:  8    God:
Gold:   123        SH: 10    Dex: 11    Spells: 0 memorised, 4 levels left

rFire  x . .     SeeInvis .     a - +1 trident
rCold  + . .     Gourm    .     i - +0 plate armour
rNeg   + + +     Faith    .     c - +1 shield
rPois  ∞         Spirit   .     (no helmet)
rElec  .         Dismiss  .     (no cloak)
rCorr  +         Reflect  .     (no gloves)
SustAt .         Harm     .     (no boots)
MR     .....                    (no amulet)
Stlth  ..........               (no ring)
                                f - ring of resist corrosion

@: not resistant to hostile enchantments, extremely unstealthy
A: no food or potions, fire vulnerability, cold resistance 1, negative energy
resistance 3, torment resistance, unbreathing
a: no special abilities


You were on level 4 of the Dungeon.
You were not hungry.

You visited 1 branch of the dungeon, and saw 4 of its levels.

You collected 123 gold pieces.

Inventory:

Hand Weapons
 a - a +1 trident (weapon)
Armour
 b - a +0 scale mail
 c - a +1 shield (worn)
 i - a +0 plate armour (worn)
Jewellery
 f - a ring of resist corrosion (left hand)
Wands
 g - a wand of acid (3/15)
Scrolls
 d - a scroll of amnesia
 e - 2 scrolls of identify
 h - 3 scrolls of teleportation


   Skills:
 - Level 3.0 Fighting
 - Level 1.5 Polearms
 + Level 3.9 Armour
 + Level 4.1 Shields


You had 4 spell levels left.
You didn't know any spells.

Dungeon Overview and Level Annotations

Branches:
Dungeon (4/15)
 Temple: D:4-7

Altars:
Elyvilon
Fedhas
Gozag
Zin


Innate Abilities, Weirdness & Mutations

You do not eat or drink.
Your flesh is vulnerable to fire.
You are immune to poison.
Your flesh is cold resistant.
You are immune to negative energy.
You are immune to unholy pain and torment.
You can survive without breathing.


Message History

You are too injured to fight recklessly!
You are too injured to fight recklessly!
You are too injured to fight recklessly!
You are too injured to fight recklessly!
You are too injured to fight recklessly!
You are too injured to fight recklessly!
You are too injured to fight recklessly!
You can't drink.
Read which item? (? for menu, Esc to quit)
Okay, then.
You puncture the ogre!
The ogre is severely wounded.
The ogre completely misses you.
You hit the ogre.
The ogre is severely wounded.
You block the ogre's attack.
Your shield and plate armour prevent you from hitting the ogre.
The ogre is severely wounded.
The ogre hits you with a giant spiked club.
You die...

## #.......#
#######.# #.#
###.# #...#
#.### ##.##
###
#...###.....
......#.@O...#
#.###...####.#
##.## #. ..
#.. #..


You could see an ogre.

Vanquished Creatures
  A scorpion (D:4)
  Terence (D:3)
  An adder (D:2)
  4 gnolls (D:3)
  2 oozes
  2 dart slugs
  2 giant geckos
  2 orcs
  A giant cockroach (D:2)
  9 hobgoblins
  4 jackals (D:4)
  11 kobolds
  4 bats
  3 giant newts
  13 goblins
  8 rats
68 creatures vanquished.

Notes
Turn   | Place    | Note
--------------------------------------------------------------
     0 | D:1      | gorblad the Mummy Fighter began the quest for the Orb.
     0 | D:1      | Reached XP level 1. HP: 18/18 MP: 1/1
   404 | D:1      | Reached XP level 2. HP: 18/24 MP: 2/2
   551 | D:2      | Found an opulent altar of Gozag.
   705 | D:2      | Found a white marble altar of Elyvilon.
   769 | D:2      | Reached skill level 3 in Shields
   841 | D:2      | Reached XP level 3. HP: 25/29 MP: 3/3
  1001 | D:2      | Found a blossoming altar of Fedhas.
  1409 | D:3      | Noticed Terence
  1429 | D:3      | Killed Terence
  1429 | D:3      | Reached XP level 4. HP: 15/35 MP: 4/4
  2345 | D:3      | Reached XP level 5. HP: 41/41 MP: 5/5
  2525 | D:3      | Found a glowing silver altar of Zin.
  2605 | D:4      | Reached skill level 4 in Shields
  2663 | D:4      | Noticed an ogre
  2674 | D:4      | HP: 2/41 [ogre/giant spiked club (29)]
  2677 | D:4      | Slain by an ogre

Vault maps used:
D:1:      minmay_arrival_plants_in_alcoves
D:2:      marbit_many_paths, lemuel_doored_altar, elyvilon_altar_5
D:3:      corexii_shack_village, zin_statuary, first_bread, uniq_terence
D:4:      nicolae_dithmenos_shadow_blocks

Skill      XL: |  1  2  3  4  5 |
---------------+----------------+-----
Shields        | 3 4 |  4.1
Armour         | 3 |  3.9
Fighting       | |  3.0
Polearms       | |  1.5

Action                   |  1- 3 |  4- 6 || total
-------------------------+-------+-------++-------
Melee: Trident           |   144 |   138 ||   282
  Use: Scroll            |     5 |     1 ||     6
